 Dungeon Crawl Stone Soup version 0.32-a0-705-g60f233581c (webtiles) character file.

Game seed: 16667277502701011749

462 stazo the Chopper (level 6, -1/44 (47) HPs)
             Began as a Demonspawn Fighter on Mar 14, 2024.
             Slain by a wight
             ... wielding a +0 morningstar
              (9 damage)
             ... on level 5 of the Dungeon.
             The game lasted 00:05:02 (3168 turns).

stazo the Chopper (Demonspawn Fighter)              Turns: 3168, Time: 00:05:03

HP:   -1/44 (47)    AC:  6    Str: 18    XL:     6   Next: 79%
MP:   6/6           EV: 10    Int:  8    God:
Gold: 233           SH:  8    Dex: 13    Spells: 5/5 levels left

rFire   . . .        a - +0 war axe
rCold   . . .        c - +0 buckler
rNeg    . . .        b - +0 scale mail
rPois   .            (no helmet)
rElec   .            (no cloak)
rCorr   .            (no gloves)
SInv    .            (no boots)
Will    .....        (no amulet) Stlth
                     (no ring)
HPRegen 0.27/turn    (no ring)
MPRegen 0.10/turn

%: no passive effects
@: drained
A: repulsion field 1, foul stench 1, condensation shield
a: no special abilities


You were on level 5 of the Dungeon.
You visited 1 branch of the dungeon, and saw 5 of its levels.

You collected 233 gold pieces.

Inventory:

Hand Weapons
 a - a +0 war axe (weapon)
Armour
 b - a +0 scale mail (worn)
 c - a +0 buckler (worn)
Jewellery
 e - a ring of ice
Scrolls
 g - 2 scrolls of amnesia {unknown}
 m - a scroll of immolation {unknown}
 n - a scroll of identify {unknown}
 o - a scroll of teleportation {unknown}
 p - a scroll of fog {unknown}
Potions
 f - 2 potions of berserk rage
 h - a potion of lignification {unknown}
 i - a potion of attraction {unknown}
 j - 2 potions of brilliance {unknown}
 k - a potion of degeneration {unknown}
 l - 2 potions of curing {unknown}
 q - a potion of enlightenment {unknown}


   Skills:
 + Level 3.4 Fighting
 * Level 6.5 Axes
 - Level 2.6 Armour
 - Level 2.6 Shields


You had 5 spell levels left.
You didn't know any spells.
Your spell library contained the following spells:

 Spells                   Type           Power      Damage    Failure   Level
 Sigil of Binding         Hex            0%         N/A       99%         3
 Death Channel            Necr           0%         N/A       100%        6
 Sculpt Simulacrum        Ice/Alch       0%         N/A       100%        6


Dungeon Overview and Level Annotations

Branches:
Dungeon (5/15)
 Temple: D:4-7

Altars:
Uskayaw

Shops:
D:1 (


Innate Abilities, Weirdness & Mutations

You are surrounded by a mild repulsion field. (EV +2)
You may rarely emit foul miasma when damaged in melee.
A meltable shield of frost defends you. (SH +4)


Message History

No target in view!
Done exploring.
Done exploring.
No target in view!
Done exploring.
There is a stone staircase leading down here.
You climb downwards.
There is a stone staircase leading up here.
A wight comes into view. It is wielding a +1 hand axe.
A wight comes into view. It is wielding a +0 morningstar.
You block the wight's attack.
You slash the wight!
The wight is heavily damaged.
The wight hits you with a +1 hand axe!
You feel drained.
You hit the wight.
The wight is almost destroyed.
The wight closely misses you.
You hit the wight.
You destroy the wight!
Your life force feels restored.
You hit the wight but do no damage. You block the wight's attack.
You slash the wight!
The wight is heavily damaged.
The wight closely misses you.
The wight hits you with a +0 morningstar.
You hit the wight.
The wight is severely damaged.
You block the wight's attack.
You barely miss the wight.
The wight is severely damaged.
The wight hits you with a +0 morningstar!
You feel drained.
You closely miss the wight.
The wight is severely damaged.
The wight hits you with a +0 morningstar!
* * * LOW HITPOINT WARNING * * *
You feel drained.
* * * LOW HITPOINT WARNING * * *
The wight hits you with a +0 morningstar!
You die...

# .## ##.##
#...## #
#....# #..
#....#
#...####..###
#...z@.....#
#.######...#
##..# ##<#
#.# #.# #..
#.. ....


You could see a wight.

Vanquished Creatures
  An ogre (D:4)
  A phantom (D:4)
  A scorpion (D:4)
  A wight (D:5)
  A howler monkey (D:4)
  4 gnolls (D:4)
  4 adders
  5 dart slugs
  An orc (D:3)
  9 ball pythons
  6 endoplasms
  4 giant cockroaches
  4 goblins
  9 hobgoblins
  3 jackals (D:4)
  A quokka (D:4)
  9 bats
  8 frilled lizards
  7 kobolds
  3 rats
82 creatures vanquished.

Notes
Turn   | Place    | Note
-------+----------+-------------------------------------------
     0 | D:1      | stazo the Demonspawn Fighter began the quest for the Orb.
     0 | D:1      | Reached XP level 1. HP: 18/18 MP: 1/1
    20 | D:1      | Reached skill level 2 in Axes
    61 | D:1      | Gained mutation: A meltable shield of frost defends you.
                  | (SH +4) [demonic ancestry]
    61 | D:1      | Reached XP level 2. HP: 24/24 MP: 2/2
   329 | D:1      | Found Wum Heu's Weapon Boutique.
   483 | D:1      | Reached skill level 3 in Axes
   702 | D:1      | Gained mutation: You may rarely emit foul miasma when
                  | damaged in melee. [demonic ancestry]
   702 | D:1      | Reached XP level 3. HP: 29/29 MP: 3/3
  1328 | D:2      | You fall into a shaft and drop 1 floor!
  1819 | D:3      | Gained mutation: You are surrounded by a mild repulsion
                  | field. (EV +2) [demonic ancestry]
  1819 | D:3      | Reached XP level 4. HP: 33/35 MP: 4/4
  1871 | D:3      | Reached skill level 4 in Axes
  2313 | D:4      | Reached XP level 5. HP: 40/41 MP: 5/5
  2464 | D:4      | Reached skill level 5 in Axes
  2676 | D:4      | Noticed a phantom
  2688 | D:4      | Killed a phantom
  2689 | D:4      | Reached skill level 6 in Axes
  2689 | D:4      | Reached XP level 6. HP: 35/47 MP: 6/6
  2901 | D:4      | Found a hide-covered altar of Uskayaw.
  3153 | D:5      | Entered Level 5 of the Dungeon
  3168 | D:5      | Slain by a wight

Illustrated notes

Levels and vault maps discovered:
D:1:      lightli_arrival_noodles, layout_loops_corners, serial_shops,
          nicolae_shop_bloodbath_and_beyond
D:2:      layout_basic
D:3:      layout_basic
D:4:      layout_basic, nicolae_uskayaw_suspiria
D:5:      layout_loops_corners, vehumet_crystals, temple_fountains,
          uniq_crazy_yiuf_cottage

Skill      XL: |  1  2  3  4  5 |
---------------+----------------+-----
Axes           | 2 3 4 6 |  6.5
Fighting       | |  3.4
Armour         | |  2.6
Shields        | |  2.6

Action                     |  1- 3 |  4- 6 || total
---------------------------+-------+-------++-------
  Melee: War axe           |   114 |   119 ||   233
    Use: Potion            |       |     2 ||     2
 Armour: Scale mail        |    73 |    75 ||   148
  Dodge: Dodged            |    47 |    44 ||    91
  Block: Buckler           |    54 |    64 ||   118

Table legend: (Time is in decaauts)
 A = Elapsed time spent in this place.
 B = Non-inter-level travel time spent in this place.
 C = Inter-level travel time spent in this place.
 D = Time resting spent in this place.
 E = Time spent auto-exploring this place.
 F = Levels seen in this place.
 G = Mean time per level.
                   A        B        C        D        E       F      G
               +--------+--------+--------+--------+--------+-----+--------+
         Total |   3253 |   3141 |    112 |    274 |   2301 |   5 |  650.6 |
       Dungeon |   3253 |   3141 |    112 |    274 |   2301 |   5 |  650.6 |
               +--------+--------+--------+--------+--------+-----+--------+

Top non-repeatable levels by time:
     D:1: 930 daAuts
     D:2: 862 daAuts
     D:4: 743 daAuts
     D:3: 700 daAuts
     D:5: 16 daAuts
